 Dungeon Crawl Stone Soup version 0.26-a0-661-g406de6ba63 (webtiles) character file.

Game seed: 16083913632629776209

868 reriks the Fighter (level 8, -1/133 HPs)
             Began as an Ogre Berserker on Oct 8, 2020.
             Was a Priest of Trog.
             Slain by a sky beast (3 damage)
             ... on level 6 of the Dungeon.
             The game lasted 00:08:51 (6288 turns).

reriks the Fighter (Ogre Berserker)                 Turns: 6288, Time: 00:08:52

Health: -1/133     AC:  3    Str: 24    XL:     8   Next: 3%
Magic:  17/17      EV: 11    Int:  8    God:    Trog [***...]
Gold:   208        SH:  0    Dex:  8    Spells: 7/7 levels left

rFire    + . .     SeeInvis .   w - +0 giant club
rCold    + . .     Faith    .   (shield currently unavailable)
rNeg     . . .     Spirit   .   b - +0 animal skin
rPois    .         Reflect  .   (helmet restricted)
rElec    .         Harm     .   g - scarf {rC+ rF+}
rCorr    +         Rampage  .   (gloves unavailable)
MR       .....                  (boots unavailable)
Stlth    ..........             (no amulet)
HPRegen  0.32/turn              y - ring of magical power
MPRegen  0.15/turn              t - ring of resist corrosion

@: berserking (expiring), very quick
A: large, unfitting armour, tough skin 1
a: Berserk, Trog's Hand, Renounce Religion


You were on level 6 of the Dungeon.
You worshipped Trog.
Trog was most pleased with you.
You visited 1 branch of the dungeon, and saw 6 of its levels.

You collected 208 gold pieces.

Inventory:

Hand Weapons
 a - a +0 mace
 c - a +0 flail
 w - a +0 giant club (weapon)
Missiles
 v - 2 boomerangs
 x - 4 large rocks (quivered)
Armour
 b - a +0 animal skin (worn)
 g - a scarf of resistance (worn)
Jewellery
 t - a ring of resist corrosion (right hand)
 y - a ring of magical power (left hand)
Wands
 e - a wand of flame (7)
 i - a wand of digging (5)
Scrolls
 f - 3 scrolls of remove curse
 k - 2 scrolls of fear
 o - 4 scrolls of teleportation
Potions
 d - a potion of degeneration
 h - 3 potions of stabbing {unknown}
 j - a potion of brilliance {unknown}
 l - a potion of flight {unknown}
 p - 2 potions of heal wounds {unknown}
 q - 2 potions of berserk rage {unknown}
 r - 2 potions of curing {unknown}
 s - a potion of lignification {unknown}
 u - a potion of might {unknown}


   Skills:
 * Level 8.5 Fighting
 + Level 5.1 Maces & Flails
 + Level 5.0 Dodging


You had 7 spell levels left.
You didn't know any spells.
Your spell library was empty.

Dungeon Overview and Level Annotations

Branches:
Dungeon (6/15)             Temple (0/1) D:6

Altars:
Ashenzari
Fedhas
Makhleb
Nemelex Xobeh
Okawaru
Qazlal

Shops:
D:4 ?   D:5 }


Innate Abilities, Weirdness & Mutations

You are too large for most types of armour.
You have tough skin. (AC +1)


Message History

You closely miss something. Something hits you.
* * * LOW HITPOINT WARNING * * *
Something shocks you.
* * * LOW HITPOINT WARNING * * *
You barely miss something. Something hits you.
* * * LOW HITPOINT WARNING * * *
Something shocks you.
* * * LOW HITPOINT WARNING * * *
You barely miss something. You closely miss something.
Something hits you but does no damage.
You closely miss something. Something hits you.
* * * LOW HITPOINT WARNING * * *
Something shocks you.
* * * LOW HITPOINT WARNING * * *
You closely miss something. Something hits you.
* * * LOW HITPOINT WARNING * * *
Something shocks you.
* * * LOW HITPOINT WARNING * * *
You miss something. Something hits you.
You die...

.. #. #. #.
###.##### #
.......#.#
#{#...#.#
#.@.....#
###...### #...#
#...#
########...####
##...............
.................
#...............
######<..#...###


There were no monsters in sight!

Vanquished Creatures
  An ice beast (D:5)
  A sky beast (D:5)
  2 ogres (D:5)
  A howler monkey (D:5)
  2 orc priests
  Jessica (D:2)
  2 bullfrog skeletons
  Terence (D:2)
  Natasha (thrice) (D:4)
  2 orc wizards
  5 adders
  3 gnolls
  An ufetubus (D:5)
  3 oozes
  2 worms
  3 leopard geckos
  15 orcs
  6 giant cockroaches
  7 goblins
  2 hobgoblins (D:2)
  6 kobolds
  A quokka (D:3)
  A ball python (D:2)
  9 bats
  6 frilled lizards
  A quokka skeleton (D:4)
  5 rats
92 creatures vanquished.

Vanquished Creatures (others)
  A kraken (D:1)
  A minotaur (D:1)
  A draconian (D:1)
  A gargoyle (D:1)
  2 vine stalkers (D:1)
  An elf (D:1)
  A vampire (D:1)
  2 nagas (D:1)
  2 centaurs (D:1)
  10 tentacles (D:1)
22 creatures vanquished.

Grand Total: 114 creatures vanquished

Notes
Turn   | Place    | Note
-------+----------+-------------------------------------------
     0 | D:1      | reriks the Ogre Berserker began the quest for the Orb.
     0 | D:1      | Reached XP level 1. HP: 24/24 MP: 1/1
     0 | D:1      | Noticed a naga
     0 | D:1      | Noticed a centaur
     0 | D:1      | Noticed a vine stalker
     0 | D:1      | Noticed a gargoyle
     0 | D:1      | Noticed a draconian
     0 | D:1      | Noticed an elf
     0 | D:1      | Noticed a kraken
     0 | D:1      | Noticed a minotaur
     0 | D:1      | Noticed a naga
     0 | D:1      | Noticed a vine stalker
     0 | D:1      | Noticed a minotaur
     0 | D:1      | Noticed a vampire
     0 | D:1      | Noticed a centaur
     5 | D:1      | Killed a vine stalker
     6 | D:1      | Killed a gargoyle
     7 | D:1      | Killed a vine stalker
     8 | D:1      | Killed a centaur
    10 | D:1      | Killed an elf
    11 | D:1      | Killed a draconian
    14 | D:1      | Killed a naga
    14 | D:1      | Killed a centaur
    16 | D:1      | Killed a naga
    16 | D:1      | Killed a minotaur
    18 | D:1      | Killed a vampire
    18 | D:1      | Killed a kraken
   150 | D:1      | Reached XP level 2. HP: 30/32 MP: 2/2
   651 | D:2      | Noticed Jessica
   653 | D:2      | Reached XP level 3. HP: 39/40 MP: 3/3
   668 | D:1      | HP: 2/40 [gnoll (2)]
   957 | D:2      | Killed Jessica
   957 | D:2      | Reached ** piety under Trog
   957 | D:2      | Reached XP level 4. HP: 37/49 MP: 4/4
   968 | D:2      | Reached skill level 5 in Fighting
  1597 | D:2      | Found a burning altar of Makhleb.
  1680 | D:2      | Found an iron altar of Okawaru.
  1810 | D:2      | Reached XP level 5. HP: 57/57 MP: 5/5
  1958 | D:2      | Noticed Terence
  1973 | D:2      | Killed Terence
  2974 | D:3      | Found a sparkling altar of Nemelex Xobeh.
  3072 | D:3      | Reached XP level 6. HP: 15/67 MP: 6/6
  3424 | D:3      | Found a faded altar of an unknown god.
  3774 | D:4      | Reached skill level 6 in Fighting
  3809 | D:4      | Found Qattok's Magic Scroll Shop.
  4010 | D:4      | Noticed Natasha
  4019 | D:4      | Killed Natasha
  4438 | D:4      | Noticed Natasha
  4456 | D:4      | Killed Natasha
  4668 | D:4      | Noticed Natasha
  4674 | D:4      | Killed Natasha
  4868 | D:5      | Entered Level 5 of the Dungeon
  4871 | D:5      | Found Astryf's Gadget Boutique.
  5092 | D:5      | Found a blossoming altar of Fedhas.
  5096 | D:5      | Found a stormy altar of Qazlal.
  5272 | D:5      | Noticed an ice beast
  5299 | D:5      | Reached skill level 7 in Fighting
  5299 | D:5      | Reached XP level 7. HP: 78/78 MP: 7/7
  5548 | D:5      | Found a broken altar of Ashenzari.
  5612 | D:5      | Reached skill level 8 in Fighting
  5648 | D:5      | Reached skill level 5 in Maces & Flails
  5648 | D:5      | Reached skill level 5 in Dodging
  6017 | D:5      | Reached XP level 8. HP: 89/89 MP: 8/8
  6023 | D:5      | Reached *** piety under Trog
  6199 | D:6      | Found a staircase to the Ecumenical Temple.
  6287 | D:6      | HP: 2/133 [something (5)]
  6288 | D:6      | Slain by a sky beast

Illustrated notes

Levels and vault maps discovered:
D:1:      nicolae_arrival_kraken_aquarium_a, layout_loops_cross
D:2:      layout_loops_ring, lemuel_coloured_pillars_altar, marbit_many_paths,
          grunt_ministairs_5, uniq_jessica, uniq_terence
D:3:      layout_basic, nemelex_altar_shiori, chequers_ecumenical_altar_simple,
          hangedman_decor_clover_reticule
D:4:      layout_loops_cross, serial_shops, shop, uniq_natasha
D:5:      layout_basic, grunt_temple_overflow_forces_of_nature,
          lemuel_round_altar, serial_shops, shop
D:6:      layout_loops_cross, minmay_temple_entry_arrows, portal_sewer_entry_d,
          minmay_misc_feat_columns

Skill      XL: |  1  2  3  4  5  6  7 |
---------------+----------------------+-----
Maces & Flails | 3 4 5 |  5.1
Dodging        | 3 4 5 |  5.0
Fighting       | 5 7 8 |  8.5

Action                   |  1- 3 |  4- 6 |  7- 9 || total
-------------------------+-------+-------+-------++-------
Melee: Mace              |    59 |    99 |       ||   158
       Flail             |       |   124 |    10 ||   134
       Giant club        |       |       |    51 ||    51
Invok: Berserk           |     1 |     5 |     1 ||     7
       Trog's Hand       |       |     4 |       ||     4
Evoke: Wand              |       |     5 |       ||     5
  Use: Scroll            |       |     6 |     4 ||    10
Armor: Animal skin       |    26 |    51 |    16 ||    93
Dodge: Dodged            |    43 |   164 |    36 ||   243

Table legend: (Time is in decaauts)
 A = Elapsed time spent in this place.
 B = Non-inter-level travel time spent in this place.
 C = Inter-level travel time spent in this place.
 D = Time resting spent in this place.
 E = Time spent auto-exploring this place.
 F = Levels seen in this place.
 G = Mean time per level.
                   A        B        C        D        E       F      G
               +--------+--------+--------+--------+--------+-----+--------+
         Total |   6418 |   6104 |    314 |   1949 |   3323 |   6 | 1069.7 |
       Dungeon |   6418 |   6104 |    314 |   1949 |   3323 |   6 | 1069.7 |
               +--------+--------+--------+--------+--------+-----+--------+

Top non-repeatable levels by time:
     D:2: 1811 daAuts
     D:5: 1346 daAuts
     D:4: 1244 daAuts
     D:3: 977 daAuts
     D:1: 943 daAuts
     D:6: 95 daAuts
